Map: Jagannatha LE

Players

GunGFuBanDa

  • Race: Protoss Protoss
  • League: Grandmaster
  • Spawn Location: 7:00

HellraiseR - Winner!

  • Race: Protoss Protoss
  • League: Master
  • Spawn Location: 1:00

Event: DreamHack SC2 Masters 2020 Winter

VOD

Have the link to the VOD?

Description

Time

  • Played on: Nov. 4, 2020, 10:27 a.m.
  • Length: 27:58

All games in this series

Show
View Real Time Build Order
Export as new Build Order

GunGFuBanDa Protoss 

Build Orders: Blink Stalkers, Zealot Archon 

Get SALT Encoding   

  12  0:00  Probe  
  13  0:12  Probe  
  14  0:17  Pylon  
  14  0:25  Probe (Chrono Boost)  
  15  0:37  Gateway, Probe (Chrono Boost)  
  16  0:43  Probe (Chrono Boost)  
  16  0:46  Assimilator  
  17  0:51  Probe  
  17  0:54  Assimilator  
  18  1:03  Probe (Chrono Boost)  
  19  1:11  Gateway  
  19  1:14  Probe (Chrono Boost)  
  20  1:19  Probe (Chrono Boost)  
  20  1:25  Cybernetics Core  
  21  1:30  Probe  
  22  1:34  Pylon  
  22  1:42  Probe  
  23  1:55  Probe  
  24  2:01  Stalker  
  24  2:02  Stalker, Warp Gate  
  24  2:07  Probe  
  29  2:12  Pylon  
  29  2:26  Pylon  
  29  2:36  Sentry x2  
  33  2:48  Nexus  
  33  2:51  Shield Battery  
  33  2:56  Probe  
  34  3:05  Stalker  
  34  3:08  Probe  
  37  3:17  Twilight Council  
  37  3:21  Pylon  
  37  3:24  Probe  
  38  3:36  Probe (Chrono Boost)  
  38  3:40  Forge  
  40  3:48  Probe (Chrono Boost)  
  40  3:50  Sentry  
  40  3:54  Blink, Probe (Chrono Boost)  
  43  4:00  Probe (Chrono Boost)  
  44  4:08  Probe (Chrono Boost)  
  44  4:09  Protoss Ground Weapons Level 1 (Chrono Boost), Probe (Chrono Boost)  
  46  4:15  Probe (Chrono Boost)  
  48  4:20  Probe (Chrono Boost)  
  49  4:25  Probe (Chrono Boost)  
  49  4:29  Probe (Chrono Boost)  
  51  4:32  Pylon  
  51  4:35  Probe (Chrono Boost)  
  51  4:36  Probe (Chrono Boost)  
  52  4:41  Probe x2 (Chrono Boost)  
  54  4:49  Nexus  
  54  4:50  Pylon  
  54  4:54  Probe x2  
  56  5:01  Assimilator  
  56  5:06  Probe  
  57  5:08  Probe  
  57  5:12  Gateway  
  57  5:13  Gateway  
  58  5:19  Pylon  
  59  5:22  Gateway, Probe (Chrono Boost)  
  59  5:23  Probe (Chrono Boost)  
  59  5:24  Gateway  
  60  5:33  Robotics Facility  
  60  5:34  Probe (Chrono Boost)  
  62  5:36  Probe (Chrono Boost)  
  62  5:39  Probe (Chrono Boost)  
  62  5:41  Stalker  
  65  5:44  Stalker, Probe  
  68  5:50  Probe  
  68  5:55  Charge  
  68  5:56  Probe  
  70  6:01  Protoss Ground Weapons Level 2 (Chrono Boost)  
  70  6:02  Pylon, Probe  
  72  6:04  Probe  
  72  6:08  Probe  
  72  6:10  Pylon  
  73  6:14  Probe  
  73  6:17  Stalker x3  
  80  6:19  Probe  
  80  6:20  Probe  
  80  6:21  Observer  
  83  6:28  Assimilator  
  83  6:31  Assimilator  
  83  6:35  Pylon  
  83  6:37  Probe x2  
  83  6:38  Probe  
  86  6:41  Gateway  
  86  6:42  Gateway  
  86  6:50  Zealot x5  
  86  6:51  Zealot  
  86  6:53  Shield Battery  
  98  7:06  Templar Archives  
  98  7:10  Pylon, Shield Battery  
  98  7:12  Pylon  
  98  7:14  Zealot  
  98  7:15  Zealot x4  
  102  7:16  Zealot  
  110  7:30  Photon Cannon, Shield Battery  
  110  7:38  Warp Prism (Chrono Boost), Probe  
  111  7:46  Assimilator  
  111  7:49  High Templar, Pylon  
  111  7:50  High Templar x3, Protoss Ground Weapons Level 3 (Chrono Boost)  
  111  7:51  Zealot x4  
  127  7:53  Photon Cannon  
  127  7:55  Photon Cannon  
  127  7:56  Archon x2  
  127  8:08  Pylon  
  127  8:11  Nexus  
  127  8:13  Robotics Facility  
  127  8:18  Robotics Bay  
  127  8:32  Stalker x5  
  137  8:37  Stalker x2  
  139  8:42  Photon Cannon  
  139  8:45  Shield Battery  
  139  8:48  Probe x2  
  141  8:51  Probe  
  142  9:00  Probe  
  143  9:05  Pylon  
  143  9:07  Gravitic Drive, Pylon  
  143  9:09  Pylon  
  143  9:11  Pylon  
  143  9:12  Pylon  
  143  9:19  Photon Cannon, Disruptor x2 (Chrono Boost), Shield Battery  
  143  9:22  Probe x2  
  143  9:23  Probe x2  
  153  9:28  Dark Shrine  
  154  9:38  Probe x3  
  154  9:39  Probe  
  155  9:48  Disruptor x2 (Chrono Boost)  
  155  9:50  Probe  
  150  10:06  Probe  
  149  10:08  Assimilator, Probe x2  
  149  10:09  Probe  
  149  10:10  Pylon  
  149  10:14  Assimilator  
  152  10:15  Disruptor x2 (Chrono Boost), Protoss Shields Level 1 (Chrono Boost)  
  158  10:25  Photon Cannon  
  156  10:29  Stargate  
  156  10:38  Stalker x7  
  170  10:49  Disruptor (Chrono Boost)  
  176  10:51  Disruptor (Chrono Boost)  
  176  10:57  Dark Templar  
  173  10:59  Photon Cannon  
  173  11:00  Pylon  
  173  11:01  Pylon  
  173  11:03  Dark Templar x2, Zealot x2  
  173  11:04  Zealot x3  
  156  11:22  Disruptor (Chrono Boost)  
  162  11:29  Probe  
  162  11:30  Disruptor (Chrono Boost), Probe  
  164  11:33  Dark Templar x2  
  164  11:34  Zealot x4  
  164  11:36  Shadow Stride (Chrono Boost)  
  164  11:38  Gravitic Boosters  
  176  11:44  Zealot x2  
  180  11:47  Photon Cannon  
  180  11:48  Photon Cannon  
  180  11:51  Observer  
  180  11:52  Shield Battery  
  181  12:00  Disruptor, Nexus  
  181  12:01  Pylon, Zealot x4  
  186  12:08  Probe  
  188  12:11  Photon Cannon  
  188  12:12  Photon Cannon, Disruptor  
  191  12:24  Fleet Beacon  
  191  12:28  Nexus  
  191  12:29  Photon Cannon  
  191  12:31  Gateway  
  191  12:32  Gateway  
  191  12:36  Photon Cannon  
  192  12:37  Shield Battery, Observer  
  192  12:38  Pylon  
  144  12:58  Zealot  
  144  12:59  Zealot x2  
  144  13:01  Zealot x5  
  152  13:09  Probe  
  152  13:10  Observer x2  
  155  13:21  Photon Cannon  
  155  13:22  Probe (Chrono Boost)  
  155  13:23  Photon Cannon, Mothership (Chrono Boost)  
  157  13:28  Photon Cannon  
  157  13:30  Assimilator, Photon Cannon  
  157  13:31  Assimilator  
  157  13:32  Observer  
  157  13:33  Dark Templar x3  
  163  13:52  Disruptor  
  164  13:59  Stalker x6  
  164  14:00  Stalker  
  176  14:08  Probe  
  176  14:09  Probe  
  178  14:15  Dark Templar, Zealot x2  
  184  14:22  Protoss Shields Level 2 (Chrono Boost)  
  184  14:30  Assimilator  
  184  14:34  Assimilator, Photon Cannon  
  184  14:35  Photon Cannon x2  
  184  14:36  Shield Battery  
  184  14:42  Probe x2 (Chrono Boost)  
  186  14:47  Protoss Air Weapons Level 1 (Chrono Boost)  
  184  14:54  Observer  
  178  15:00  Zealot x10  
  198  15:11  Photon Cannon  
  198  15:13  Photon Cannon  
  198  15:14  Photon Cannon  
  198  15:16  Photon Cannon  
  195  15:37  Stargate  
  195  15:41  Stargate  
  195  15:43  Stargate  
  187  15:51  Zealot x9  
  187  15:54  Nexus  
  147  16:31  Probe x3  
  145  16:34  Stalker x9  
  145  16:35  Stalker  
  161  16:50  Pylon  
  161  16:54  Photon Cannon  
  161  16:56  Photon Cannon  
  161  16:57  Photon Cannon  
  161  17:01  Photon Cannon  
  161  17:14  Photon Cannon  
  159  17:18  Photon Cannon  
  159  17:19  Photon Cannon  
  159  17:20  Zealot x5  
  151  17:40  Dark Templar x4  
  151  17:41  Dark Templar  
  159  17:48  Probe  
  161  17:51  Observer (Chrono Boost)  
  161  17:55  Protoss Shields Level 3  
  161  17:56  Stalker x3, Observer (Chrono Boost)  
  161  17:57  Stalker x2  
  172  18:01  Probe  
  172  18:02  Photon Cannon, Probe  
  172  18:04  Shield Battery  
  175  18:18  Protoss Air Weapons Level 2 (Chrono Boost)  
  172  18:23  Zealot x7  
  179  18:37  Zealot x3  
  161  18:50  Photon Cannon  
  159  18:57  Stalker x10  
  159  19:01  Pylon  
  177  19:04  Observer (Chrono Boost)  
  177  19:08  Pylon  
  177  19:23  Probe  
  179  19:24  Observer (Chrono Boost)  
  177  19:35  Probe  
  177  19:36  Dark Templar x2  
  177  19:37  Dark Templar, Observer  
  153  19:58  Disruptor x2  
  120  20:02  Stalker x7  
  138  20:12  Observer x2  
  105  20:26  Disruptor  
  91  20:30  Nexus  
  91  20:34  Dark Templar x3  
  91  20:35  Dark Templar  
  102  20:43  Sentry  
  87  20:57  Disruptor (Chrono Boost)  
  88  21:06  Stalker x2  
  88  21:07  Stalker x7  
  106  21:29  Pylon  
  106  21:35  Disruptor  
  109  21:46  Dark Templar  
  111  21:47  Nexus  
  107  22:20  Stalker x8  
  115  22:47  Observer x2  
  115  22:50  Mothership (Chrono Boost)  
  118  23:04  Photon Cannon, Shield Battery  
  114  23:06  Observer x2  
  114  23:07  Dark Templar  
  114  23:50  Pylon  
  114  23:55  High Templar x2  
  114  23:56  High Templar x2  
  114  23:57  Stalker x3  
  114  23:58  Stalker x3  
  114  24:00  Archon x2  
  133  24:42  Nexus  
  132  24:46  Dark Templar  
  134  25:05  Stalker x5  
  138  25:26  Dark Templar  
  117  26:06  Nexus  
  111  26:15  Pylon  
  109  26:30  Dark Templar  
  111  26:37  Stalker x5  
  104  27:21  Disruptor (Chrono Boost)  
Show
View Real Time Build Order
Export as new Build Order

HellraiseR Protoss - Winner!

Build Orders: Phoenix Opening 

Get SALT Encoding   

  12  0:00  Probe  
  13  0:12  Probe  
  14  0:17  Pylon  
  14  0:24  Probe (Chrono Boost)  
  16  0:37  Gateway, Probe (Chrono Boost)  
  16  0:43  Probe (Chrono Boost)  
  16  0:46  Assimilator  
  17  0:51  Probe  
  17  0:54  Assimilator  
  18  1:03  Probe (Chrono Boost)  
  19  1:10  Gateway  
  19  1:12  Probe (Chrono Boost)  
  19  1:17  Probe (Chrono Boost)  
  20  1:24  Cybernetics Core  
  21  1:29  Probe  
  22  1:35  Pylon  
  22  1:41  Probe  
  23  1:53  Probe  
  24  2:00  Stalker x2  
  28  2:02  Warp Gate  
  28  2:05  Probe  
  29  2:13  Pylon  
  29  2:30  Probe  
  29  2:31  Sentry x2  
  34  2:49  Nexus  
  34  2:55  Probe  
  34  2:58  Shield Battery  
  35  3:05  Stalker  
  35  3:10  Phoenix  
  37  3:14  Pylon  
  37  3:15  Probe  
  38  3:26  Twilight Council  
  38  3:27  Probe  
  39  3:40  Probe (Chrono Boost)  
  40  3:42  Forge  
  40  3:52  Probe (Chrono Boost)  
  41  4:01  Probe (Chrono Boost)  
  43  4:03  Probe (Chrono Boost)  
  43  4:04  Blink  
  43  4:08  Phoenix  
  45  4:10  Probe (Chrono Boost)  
  45  4:11  Probe (Chrono Boost)  
  45  4:12  Protoss Ground Weapons Level 1 (Chrono Boost)  
  46  4:18  Probe (Chrono Boost)  
  46  4:19  Probe (Chrono Boost)  
  47  4:26  Probe (Chrono Boost)  
  47  4:27  Probe (Chrono Boost)  
  47  4:29  Pylon  
  49  4:32  Probe (Chrono Boost)  
  49  4:34  Probe (Chrono Boost)  
  49  4:37  Robotics Facility  
  51  4:41  Probe  
  51  4:44  Probe  
  53  4:49  Nexus  
  53  4:53  Probe  
  53  4:56  Probe  
  55  5:05  Probe  
  56  5:08  Gateway, Probe  
  56  5:10  Gateway  
  56  5:12  Assimilator  
  56  5:13  Stalker  
  59  5:16  Stalker  
  61  5:21  Pylon  
  61  5:27  Gateway  
  61  5:28  Gateway  
  61  5:31  Probe  
  62  5:36  Immortal (Chrono Boost)  
  62  5:37  Probe  
  67  5:43  Probe  
  69  5:50  Probe  
  69  5:51  Shield Battery  
  69  5:55  Probe  
  70  5:57  Stalker x2  
  70  6:01  Probe  
  70  6:02  Probe  
  76  6:06  Protoss Ground Weapons Level 2 (Chrono Boost)  
  76  6:07  Probe  
  77  6:11  Charge  
  77  6:13  Probe  
  77  6:14  Probe  
  79  6:20  Probe  
  79  6:23  Gateway  
  79  6:24  Gateway, Observer  
  82  6:25  Probe  
  82  6:27  Probe  
  82  6:30  Stalker  
  82  6:31  Stalker  
  87  6:37  Pylon  
  87  6:40  Stalker  
  87  6:41  Stalker  
  91  6:49  Pylon  
  91  6:51  Pylon  
  91  6:52  Pylon  
  91  6:55  Photon Cannon  
  91  6:56  Stalker x2  
  95  7:04  Pylon  
  95  7:08  Zealot x4  
  103  7:19  Warp Prism (Chrono Boost)  
  103  7:20  Probe  
  103  7:21  Probe x2  
  103  7:22  Robotics Bay  
  108  7:33  Nexus  
  108  7:41  Probe x2  
  108  7:43  Assimilator, Probe  
  110  7:44  Assimilator, Stalker x2  
  110  7:45  Stalker  
  110  7:46  Stalker  
  118  7:56  Photon Cannon  
  118  8:02  Photon Cannon  
  118  8:05  Disruptor (Chrono Boost)  
  118  8:11  Stalker x4  
  129  8:16  Shield Battery  
  129  8:23  Protoss Ground Weapons Level 3 (Chrono Boost), Pylon  
  129  8:25  Pylon  
  129  8:26  Probe x3  
  132  8:38  Probe  
  132  8:39  Disruptor (Chrono Boost)  
  132  8:40  Pylon x2  
  135  8:48  Probe  
  136  8:50  Shield Battery, Dark Shrine  
  136  8:51  Probe x2  
  136  8:52  Photon Cannon, Probe  
  136  8:55  Shield Battery  
  139  9:00  Probe  
  140  9:03  Probe  
  141  9:10  Zealot x3  
  141  9:11  Stalker x3  
  141  9:12  Disruptor (Chrono Boost)  
  156  9:26  Probe x2  
  156  9:27  Probe  
  156  9:29  Assimilator, Probe  
  160  9:33  Photon Cannon  
  160  9:34  Photon Cannon  
  160  9:37  Shield Battery  
  160  9:41  Disruptor (Chrono Boost)  
  160  9:43  Stalker x3  
  168  9:58  Pylon  
  168  9:59  Zealot x5  
  178  10:02  Shadow Stride (Chrono Boost)  
  178  10:06  Probe  
  179  10:18  Pylon  
  179  10:19  Pylon  
  182  10:21  Observer (Chrono Boost)  
  182  10:22  Nexus  
  182  10:23  Pylon  
  182  10:26  Zealot x4  
  188  10:36  Pylon  
  188  10:37  Dark Templar x4  
  188  10:39  Observer, Gravitic Boosters (Chrono Boost)  
  188  10:40  Gateway  
  197  10:43  Gateway  
  197  10:44  Pylon  
  197  10:55  Pylon  
  191  11:00  Observer  
  192  11:06  Probe x4  
  178  11:21  Disruptor  
  178  11:22  Dark Templar x6  
  178  11:25  Zealot x2  
  197  11:28  Assimilator  
  197  11:34  Probe x3  
  197  11:35  Protoss Ground Armor Level 1 (Chrono Boost)  
  200  11:45  Forge  
  200  11:46  Photon Cannon  
  200  11:50  Photon Cannon x2  
  200  11:51  Photon Cannon, Shield Battery  
  200  11:54  Photon Cannon  
  200  11:55  Pylon  
  193  12:09  Dark Templar x3  
  193  12:12  Observer, Protoss Shields Level 1 (Chrono Boost)  
  200  12:22  Gateway  
  200  12:23  Gateway  
  200  12:27  Gateway  
  200  12:28  Pylon  
  200  12:29  Gateway  
  200  12:32  Nexus  
  200  12:36  Photon Cannon  
  198  12:38  Photon Cannon  
  198  12:40  Photon Cannon  
  198  12:42  Photon Cannon  
  180  12:44  Photon Cannon  
  180  12:45  Shield Battery  
  180  12:46  Shield Battery  
  180  12:49  Pylon  
  180  12:51  Pylon, Disruptor (Chrono Boost)  
  121  13:10  Stalker  
  121  13:11  Stalker x9  
  124  13:18  Probe  
  124  13:19  Probe  
  121  13:24  Stalker x4, Disruptor (Chrono Boost)  
  121  13:26  Probe x2  
  128  13:28  Probe  
  129  13:35  Dark Templar x5  
  129  13:40  Zealot x5  
  148  13:43  Probe  
  141  13:50  Disruptor (Chrono Boost)  
  144  14:01  Nexus  
  144  14:11  Pylon  
  144  14:15  Protoss Shields Level 2 (Chrono Boost), Disruptor (Chrono Boost)  
  144  14:16  Protoss Ground Armor Level 2 (Chrono Boost)  
  144  14:22  Probe x2  
  144  14:23  Probe  
  150  14:27  Assimilator  
  150  14:28  Assimilator, Probe x2  
  152  14:31  Stalker x6, Pylon  
  152  14:32  Stalker x3  
  152  14:33  Zealot x5  
  152  14:35  Probe x2  
  182  14:44  Observer (Chrono Boost)  
  181  14:50  Probe x2  
  176  15:05  Zealot x13  
  200  15:11  Photon Cannon  
  200  15:12  Photon Cannon  
  200  15:13  Nexus, Shield Battery  
  200  15:17  Pylon  
  200  15:24  Disruptor (Chrono Boost)  
  195  15:34  Dark Templar x2  
  169  16:05  Probe  
  169  16:06  Probe x3  
  169  16:07  Probe  
  145  16:31  Stalker x12  
  145  16:32  Stalker x2  
  165  16:39  Probe x4  
  153  17:07  Disruptor (Chrono Boost)  
  143  17:14  Nexus  
  132  17:26  Stalker x11  
  132  17:27  Stalker x3  
  132  17:28  Protoss Ground Armor Level 3 (Chrono Boost)  
  149  17:40  Nexus  
  149  17:44  Observer (Chrono Boost)  
  146  17:50  Zealot x8  
  146  17:51  Zealot x6  
  174  17:55  Pylon  
  174  17:58  Observer (Chrono Boost)  
  174  18:00  Probe x2  
  177  18:10  Stalker x4  
  177  18:11  Stalker x5  
  195  18:16  Observer (Chrono Boost)  
  190  18:30  Stalker x5  
  192  18:36  Observer (Chrono Boost)  
  169  18:54  Observer  
  164  18:55  Dark Templar x4  
  168  19:03  Probe  
  169  19:13  Disruptor (Chrono Boost)  
  172  19:28  Zealot x2  
  172  19:29  Stalker  
  178  19:31  Nexus  
  178  19:35  Nexus  
  177  19:48  Zealot  
  177  19:49  Dark Templar x5  
  177  19:50  Zealot x3  
  184  19:54  Observer  
  184  19:57  Probe  
  161  20:06  Zealot  
  161  20:07  Zealot x3  
  162  20:14  Probe  
  162  20:16  Observer  
  148  20:22  Stalker x3  
  148  20:23  Stalker  
  154  20:30  Pylon  
  154  20:37  Observer  
  154  20:40  Photon Cannon  
  149  20:55  Pylon  
  145  20:57  Dark Templar x3  
  145  20:59  Probe  
  145  21:01  Probe  
  149  21:11  Photon Cannon  
  149  21:14  Pylon  
  144  21:31  Zealot x7  
  158  21:40  Probe  
  158  21:41  Probe x2  
  154  21:55  Probe x2  
  154  22:07  Zealot x5  
  154  22:08  Zealot x3  
  143  22:16  Photon Cannon  
  143  22:27  Dark Templar  
  136  22:50  Dark Templar x2  
  136  22:53  Stalker  
  138  23:02  Zealot x4  
  146  23:12  Disruptor (Chrono Boost)  
  147  23:30  Probe x2  
  149  23:37  Nexus  
  149  23:47  Probe  
  149  23:48  Probe x4  
  152  23:53  Disruptor (Chrono Boost)  
  152  24:00  Probe  
  155  24:14  Nexus, Probe  
  155  24:15  Pylon  
  155  24:16  Dark Templar x2  
  160  24:26  Probe x2  
  160  24:28  Pylon  
  158  24:42  Stalker x4  
  165  24:48  Shield Battery, Probe  
  165  24:50  Probe  
  165  24:56  Observer (Chrono Boost)  
  166  25:08  Probe x2  
  166  25:10  Probe  
  165  25:28  Stalker x5  
  165  25:29  Stalker x4  
  183  25:48  Zealot x4  
  166  26:18  Observer  
  165  26:34  Observer  
  165  26:35  Nexus  
  165  26:36  Probe x2  
  165  26:37  Assimilator  
  165  26:38  Assimilator, Pylon, Probe  
  163  27:12  Observer  
  155  27:16  Zealot x8  
  155  27:31  Probe  
Tags
 
Add a new tag
Caveats
  • Supply blocks, unpowered buildings, or Contaminate may cause inaccurate times.
  • Supply counts are checked every 10 seconds.